 Dungeon Crawl Stone Soup version 0.28-a0-1334-g1c9ffb4daf (webtiles) character file.

Game seed: 11449221539548748796

5658 Grim the Bludgeoner (level 10, 0/96 HPs)
             Began as a Minotaur Berserker on Dec 28, 2021.
             Was an Elder of Trog.
             Slain by a centaur warrior (2 damage)
             ... on level 9 of the Dungeon.
             The game lasted 00:13:37 (9352 turns).

Grim the Bludgeoner (Minotaur Berserker)            Turns: 9352, Time: 00:13:38

Health: 0/96       AC: 13    Str: 21    XL:     10   Next: 46%
Magic:  9/9        EV:  6    Int:  8    God:    Trog [****..]
Gold:   403        SH:  0    Dex: 13    Spells: 9/9 levels left

rFire   . . .      SeeInvis +   a - +0 morningstar
rCold   + . .      Faith    +   (no shield)
rNeg    . . .      Spirit   .   N - +0 plate armour
rPois   .          Reflect  .   (helmet restricted)
rElec   .          Harm     .   (no cloak)
rCorr   .          Rampage  .   (no gloves)
Will    ++...                   A - +1 pair of boots
Stlth   ..........              G - amulet of faith
HPRegen 1.26/turn               i - ring of see invisible
MPRegen 0.11/turn               s - ring of protection from cold

@: strong-willed, regenerating
A: horns 2, retaliatory headbutt, agile 1, robust 1
a: Renounce Religion, Berserk, Trog's Hand, Brothers in Arms


You were on level 9 of the Dungeon.
You worshipped Trog.
Trog was greatly pleased with you.
You visited 1 branch of the dungeon, and saw 11 of its levels.

You collected 403 gold pieces.

Inventory:

Hand Weapons
 a - a +0 morningstar (weapon)
 b - a +0 shortbow
 v - a +0 mace
Missiles
 f - 7 javelins (quivered)
 g - 157 arrows
 w - 24 boomerangs
 x - a throwing net
Armour
 c - a +0 animal skin
 h - a +0 pair of boots
 u - a +1 leather armour of willpower
 A - a +1 pair of boots (worn)
 N - a +0 plate armour (worn)
Jewellery
 i - a ring of see invisible (left hand)
 s - a ring of protection from cold (right hand)
 y - a +6 ring of intelligence
 G - an amulet of faith (around neck)
Wands
 H - a wand of iceblast (7)
 K - a wand of flame (4)
 M - a wand of charming (14)
Scrolls
 e - 2 scrolls of enchant weapon {unknown}
 j - a scroll of brand weapon {unknown}
 k - 2 scrolls of magic mapping {unknown}
 l - 6 scrolls of teleportation {unknown}
 n - 2 scrolls of fog {unknown}
 r - a scroll of immolation {unknown}
 B - 5 scrolls of identify
 C - 2 scrolls of vulnerability {unknown}
 E - a scroll of amnesia {unknown}
 F - a scroll of fear {unknown}
 I - a scroll of silence {unknown}
 L - a scroll of holy word {unknown}
Potions
 d - a potion of cancellation
 m - 2 potions of curing {unknown}
 o - a potion of magic {unknown}
 p - 2 potions of ambrosia {unknown}
 q - 2 potions of attraction
 t - a potion of invisibility {unknown}
 z - 3 potions of brilliance {unknown}
 D - 4 potions of heal wounds {unknown}
 J - a potion of haste {unknown}


   Skills:
 * Level 8.1 Fighting
 - Level 16.0 Maces & Flails
 + Level 6.1 Bows
 - Level 2.4 Armour
 - Level 2.1 Dodging


You had 9 spell levels left.
You didn't know any spells.
Your spell library was empty.

Dungeon Overview and Level Annotations

Branches:
Dungeon (11/15)            Temple (0/1) D:4
   Lair: D:8-11         Orc: D:9-12

Altars:
Dithmenos
Fedhas
Okawaru
Sif Muna
Trog
Vehumet

Shops:
D:1 (


Innate Abilities, Weirdness & Mutations

You have a pair of horns on your head.
You reflexively headbutt those who attack you in melee.
You are agile. (Dex +2)
You are robust. (+10% HP)


Message History

Items here: ))) [[ †††.
N - a +0 plate armour You start removing your armour.
You continue taking off your +1 leather armour of willpower. x4
You finish taking off your +1 leather armour of willpower.
You feel less strong-willed.
You start putting on your armour.
You continue putting on your +0 plate armour. x5
You finish putting on your +0 plate armour.
Items here: )) [[.
There is a stone staircase leading down here.
l - 6 scrolls labelled SAETASK AGROIF (gained 1)
Found a stone staircase leading up.
D - 4 cyan potions (gained 1)
A centaur warrior comes into view.
The centaur warrior shouts!
The centaur warrior wields a +0 longbow.
The centaur warrior shoots an arrow.
The arrow barely misses you.
You shoot an arrow.
The arrow hits the centaur warrior but does no damage.
The centaur warrior shoots an arrow.
The arrow hits you.
The centaur warrior shoots an arrow.
The arrow hits you!!
You shoot an arrow. The arrow hits the centaur warrior.
The centaur warrior is lightly wounded.
The centaur warrior shoots an arrow.
The arrow barely misses you.
The centaur warrior shoots an arrow.
The arrow hits you.
Found 8 stones.
The centaur warrior shoots an arrow.
The arrow hits you!!
* * * LOW HITPOINT WARNING * * *
a - a +0 morningstar (weapon)
The centaur warrior shoots an arrow.
The arrow hits you!
* * * LOW HITPOINT WARNING * * *
Your skin crawls.
You feel strong-willed.
The centaur warrior shoots an arrow.
The arrow hits you!!
* * * LOW HITPOINT WARNING * * *
The centaur warrior shoots an arrow.
The arrow hits you.
* * * LOW HITPOINT WARNING * * *
The centaur warrior unwields a +0 longbow.
The centaur warrior hits you.
You die...

#. #... .. .... #..#
#..# #. ... #..####..#
#. #..#####........# #.
#...............#####.
#.....................
#.....................
#.(.c...........#####.
#....@..........# #.
#...............#####.
........................
..(.....................
########################


You could see a centaur warrior.

Vanquished Creatures
  A cyclops (D:8)
  A gargoyle (D:6)
  An unseen horror (D:10)
  A hornet (D:10)
  Grinder (D:5)
  A vampire (D:10)
  Sigmund (D:2)
  A wyvern (D:10)
  3 yaks (D:10)
  Eustachio (D:5)
  2 vampire mosquitoes (D:10)
  Menkaure (D:5)
  A black bear (D:5)
  2 orc warriors
  2 sky beasts
  An ogre (D:5)
  3 centaurs
  A phantom (D:7)
  3 gnoll sergeants
  A scorpion (D:6)
  A water moccasin skeleton (D:6)
  4 killer bees (D:7)
  3 howler monkeys
  2 centaur zombies
  4 hounds
  A jelly (D:6)
  A bullfrog skeleton (D:6)
  8 orc priests
  A gnoll shaman (D:6)
  A centaur skeleton (D:7)
  Natasha (thrice) (D:2)
  4 iguanas
  4 orc wizards
  A hound skeleton (D:4)
  20 gnolls
  7 adders
  A white imp (D:7)
  2 ufetubi
  4 worms
  6 dart slugs
  24 orcs
  6 endoplasms
  4 giant cockroaches
  11 goblins
  3 hobgoblins
  3 jackals (D:1)
  8 kobolds
  3 quokkas
  5 ball pythons (D:1)
  4 bats
  3 frilled lizards
  3 rats (D:1)
184 creatures vanquished.

Vanquished Creatures (others)
  3 fungi (D:8)
  2 plants (D:8)
5 creatures vanquished.

Grand Total: 189 creatures vanquished

Notes
Turn   | Place    | Note
-------+----------+-------------------------------------------
     0 | D:1      | Grim the Minotaur Berserker began the quest for the Orb.
     0 | D:1      | Reached XP level 1. HP: 19/19 MP: 0/0
    25 | D:1      | Reached skill level 4 in Maces & Flails
    57 | D:1      | Reached XP level 2. HP: 17/26 MP: 1/1
    58 | D:1      | Found Veuhim's Weapon Shoppe.
   355 | D:1      | Reached skill level 5 in Maces & Flails
   706 | D:1      | Reached ** piety under Trog
   744 | D:1      | Found a faded altar of an unknown god.
   862 | D:1      | Reached XP level 3. HP: 31/31 MP: 2/2
  1114 | D:2      | Noticed Natasha
  1123 | D:2      | Killed Natasha
  1124 | D:2      | Reached skill level 6 in Maces & Flails
  1124 | D:2      | Reached XP level 4. HP: 24/39 MP: 3/3
  1293 | D:2      | Noticed Natasha
  1297 | D:2      | Killed Natasha
  1481 | D:2      | Identified the +5 dagger of Adyqus {drain, Dex+7}
  1980 | D:2      | Noticed Natasha
  1983 | D:2      | Noticed Sigmund
  1988 | D:2      | Killed Natasha
  1989 | D:2      | Reached skill level 7 in Maces & Flails
  1989 | D:2      | Reached XP level 5. HP: 44/45 MP: 4/4
  1992 | D:2      | Killed Sigmund
  1993 | D:2      | Reached skill level 8 in Maces & Flails
  1993 | D:2      | Reached XP level 6. HP: 51/51 MP: 5/5
  2455 | D:3      | Found a radiant altar of Vehumet.
  2455 | D:3      | Found a shadowy altar of Dithmenos.
  2461 | D:3      | Found a blossoming altar of Fedhas.
  2463 | D:3      | Found an iron altar of Okawaru.
  2465 | D:3      | Found a bloodstained altar of Trog.
  2859 | D:4      | Found a staircase to the Ecumenical Temple.
  2927 | D:4      | Reached skill level 9 in Maces & Flails
  3054 | D:4      | Found a shimmering blue altar of Sif Muna.
  3402 | D:4      | Gained mutation: You are robust. (+10% HP) [potion of
                  | mutation]
  3402 | D:4      | Gained mutation: You are agile. (Dex +2) [potion of
                  | mutation]
  3612 | D:4      | Reached *** piety under Trog
  3613 | D:4      | Reached XP level 7. HP: 29/62 MP: 6/6
  3859 | D:4      | Reached skill level 10 in Maces & Flails
  3859 | D:4      | Reached skill level 1 in Bows
  3984 | D:4      | Identified the +11 arbalest of Ru's Castigation {elec,
                  | *Corrode rC++ Dex+6}
  4441 | D:5      | Entered Level 5 of the Dungeon
  4837 | D:5      | Reached XP level 8. HP: 70/70 MP: 7/7
  4904 | D:5      | Reached skill level 11 in Maces & Flails
  4985 | D:5      | Noticed Menkaure
  4992 | D:5      | Killed Menkaure
  4993 | D:5      | Reached skill level 12 in Maces & Flails
  5244 | D:5      | Noticed Eustachio
  5247 | D:5      | Noticed Grinder
  5253 | D:5      | Killed Eustachio
  5305 | D:5      | Killed Grinder
  5306 | D:5      | Reached skill level 13 in Maces & Flails
  5973 | D:6      | Reached XP level 9. HP: 57/77 MP: 8/8
  6230 | D:6      | Noticed a gargoyle
  6240 | D:6      | Killed a gargoyle
  6241 | D:6      | Reached skill level 14 in Maces & Flails
  6702 | D:6      | Reached **** piety under Trog
  7002 | D:7      | Reached skill level 15 in Maces & Flails
  8085 | D:8      | Noticed a cyclops
  8103 | D:8      | Killed a cyclops
  8104 | D:8      | Reached skill level 16 in Maces & Flails
  8485 | D:8      | You fall into a shaft and drop 3 floors!
  8507 | D:10     | Entered Level 10 of the Dungeon
  8510 | D:10     | Noticed an unseen horror
  8519 | D:10     | Killed an unseen horror
  8520 | D:10     | Reached skill level 5 in Fighting
  8520 | D:10     | Reached XP level 10. HP: 89/89 MP: 9/9
  8531 | D:10     | Reached skill level 5 in Bows
  9344 | D:9      | Noticed a centaur warrior
  9351 | D:9      | HP: 1/96 [centaur warrior/arrow (6)]
  9352 | D:9      | Slain by a centaur warrior

Illustrated notes

Levels and vault maps discovered:
D:1:      doesnt_arrival_eight_statues, layout_rooms, serial_shops, shop,
          shapermc_ecumenical_altar_hornbeckon, minmay_misc_feat_tiny,
          lemuel_another_geyser
D:2:      layout_loops_ring, nrook_mini_vaults, uniq_natasha, uniq_sigmund
D:3:      layout_basic, chequers_temple_overflow_minitemple,
          chequers_serial_rivers_small_b, guppyfry_early_lair_pool
D:4:      kennysheep_spiral_hall, layout_gridville, lemuel_blue_sif_altar,
          minmay_temple_entry_stoned_glass
D:5:      layout_rooms, uniq_menkaure, uniq_eustachio, uniq_grinder
D:6:      layout_basic
D:7:      layout_cave_pods, kennysheep_small_spiral, kennysheep_dice
D:8:      gammafunk_jiyva_shrine, layout_cave_pools, dpeg_oklobed_lair,
          minmay_sticks_and_stones
D:9:      layout_small_grid, minivault_16, minmay_statue_crystal_thing
D:10:     layout_irregular_city, chequers_mini_garden, kennysheep_minor_cross,
          item_on_display_a
D:11:     layout_basic

Skill      XL: |  1  2  3  4  5  6  7  8  9 10 |
---------------+-------------------------------+-----
Maces & Flails | 4 5 6 7 8 9 10 13 16 | 16.0
Bows           | 3 4 6 |  6.1
Fighting       | 5 8 |  8.1
Armour         | |  2.4
Dodging        | |  2.1

Action                   |  1- 3 |  4- 6 |  7- 9 | 10-12 || total
-------------------------+-------+-------+-------+-------++-------
Melee: Mace              |    64 |    88 |       |       ||   152
       Headbutt          |    10 |    29 |    28 |    18 ||    85
       Morningstar       |       |    30 |   167 |    50 ||   247
 Fire: Shortbow          |       |       |   122 |     5 ||   127
Throw: Javelin           |       |     2 |       |       ||     2
Invok: Berserk           |     3 |     3 |    13 |     2 ||    21
       Trog's Hand       |     1 |       |     3 |     1 ||     5
  Use: Scroll            |       |     3 |       |       ||     3
       Potion            |       |     1 |       |       ||     1
Armor: Animal skin       |    17 |    13 |       |       ||    30
       Leather armour    |       |    10 |    44 |    10 ||    64
Dodge: Dodged            |    41 |    64 |   120 |    17 ||   242

Table legend: (Time is in decaauts)
 A = Elapsed time spent in this place.
 B = Non-inter-level travel time spent in this place.
 C = Inter-level travel time spent in this place.
 D = Time resting spent in this place.
 E = Time spent auto-exploring this place.
 F = Levels seen in this place.
 G = Mean time per level.
                   A        B        C        D        E       F      G
               +--------+--------+--------+--------+--------+-----+--------+
         Total |   9508 |   9259 |    249 |   3404 |   4580 |  11 |  864.4 |
       Dungeon |   9508 |   9259 |    249 |   3404 |   4580 |  11 |  864.4 |
               +--------+--------+--------+--------+--------+-----+--------+

Top non-repeatable levels by time:
     D:4: 1951 daAuts
     D:7: 1431 daAuts
     D:6: 1258 daAuts
     D:1: 1147 daAuts
     D:2: 1015 daAuts
     D:5: 927 daAuts
     D:3: 637 daAuts
    D:10: 462 daAuts
     D:8: 270 daAuts
    D:11: 260 daAuts
     D:9: 146 daAuts
